 Dungeon Crawl Stone Soup version 0.19.0 (webtiles) character file.

12464 Danakh the Destroyer (level 11, 0/70 HPs)
             Began as a Tengu Fire Elementalist on Nov 4, 2016.
             Was an Elder of Vehumet.
             Slain by a wolf (2 damage)
             ... on level 2 of the Lair of Beasts.
             The game lasted 01:00:23 (13615 turns).

Danakh the Destroyer (Tengu Fire Elementalist)     Turns: 13615, Time: 01:00:23

Health: 0/70       AC:  6    Str:  8    XL:     11   Next: 93%
Magic:  2/24       EV: 16    Int: 17    God:    Vehumet [****..]
Gold:   724        SH:  0    Dex: 15    Spells: 6 memorised, 15 levels left

rFire  + + .     SeeInvis .     E - +1 spear of Makhleb's Regard {venom, rElec rF+ rN++ Int-2}
rCold  x . .     Gourm    +     a - +0 robe
rNeg   + + .     Faith    .     (no shield)
rPois  .         Spirit   .     C - +2 hat
rElec  +         Reflect  .     (no cloak)
rCorr  .         Harm     .     e - +0 pair of gloves
MR     +....                    (boots unavailable)
Stlth  +++.......               h - amulet of the gourmand
                                j - ring of fire
                                i - ring of wizardry

@: no status effects
A: beak, talons 3, rugged brown scales 1, camouflage 1, low mp 1, magic
resistance 1, robust 1, able to fly 1
a: Fly, Renounce Religion


You were on level 2 of the Lair of Beasts.
You worshipped Vehumet.
Vehumet was greatly pleased with you.
You were completely stuffed.

You visited 3 branches of the dungeon, and saw 14 of its levels.

You collected 724 gold pieces.

Inventory:

Hand Weapons
 E - the +1 spear of Makhleb's Regard (weapon) {venom, rElec rF+ rN++ Int-2}
   (You found it on level 7 of the Dungeon)

   It poisons the flesh of those it strikes.
   It affects your intelligence (-2).
   It protects you from fire.
   It insulates you from electricity.
   It greatly protects you from negative energy.
Armour
 a - a +0 robe (worn)
 e - a +0 pair of gloves (worn)
 r - a +0 shield of cold resistance
 C - a +2 hat (worn)
Jewellery
 h - an amulet of the gourmand (around neck)
 i - a ring of wizardry (left hand)
 j - a ring of fire (right hand)
 t - an uncursed ring of protection from cold
 M - an uncursed ring of stealth {unknown}
Wands
 m - a wand of lightning (7/15)
 v - a wand of acid (6/15)
Scrolls
 d - 2 scrolls of identify
 k - a scroll of blinking
 o - a scroll of enchant armour
 p - 2 scrolls of amnesia
 s - 2 scrolls of teleportation
 w - 3 scrolls of magic mapping
 y - 4 scrolls of immolation
 z - a scroll of remove curse
 B - 2 scrolls of fear
 I - a scroll of fog
 N - 2 scrolls of summoning
Potions
 g - 5 potions of curing
 q - a potion of might
 u - a potion of agility
 x - a potion of haste
 A - 2 potions of invisibility
 K - 2 potions of mutation
Books
 b - a book of Flames

   Spells                             Type                      Level
   a - Flame Tongue                   Conjuration/Fire             1
   b - Throw Flame                    Conjuration/Fire             2
   c - Conjure Flame                  Conjuration/Fire             3
   d - Inner Flame                    Hexes/Fire                   3
   e - Sticky Flame                   Conjuration/Fire             4
   f - Fireball                       Conjuration/Fire             5
 H - a book of Geomancy

   Spells                             Type                      Level
   a - Sandblast                      Earth                        1
   b - Passwall                       Transmutation/Earth          2
   c - Stone Arrow                    Conjuration/Earth            3
   d - Petrify                        Transmutation/Earth          4
   e - Lee's Rapid Deconstruction     Earth                        5
 J - a book of Changes

   Spells                             Type                      Level
   a - Beastly Appendage              Transmutation                1
   b - Sticks to Snakes               Transmutation                2
   c - Spider Form                    Transmutation/Poison         3
   d - Ice Form                       Ice/Transmutation            4
   e - Blade Hands                    Transmutation                5
 L - a book of Conjurations

   Spells                             Type                      Level
   a - Magic Dart                     Conjuration                  1
   b - Searing Ray                    Conjuration                  2
   c - Dazzling Spray                 Conjuration/Hexes            3
   d - Fulminant Prism                Conjuration/Hexes            4
   e - Iskenderun's Mystic Blast      Conjuration                  4
   f - Iskenderun's Battlesphere      Conjuration/Charms           5
Comestibles
 c - 15 bread rations
 f - 3 meat rations
 l - a chunk of flesh
 n - a beef jerky
 D - a slice of pizza
 F - 25 fruits
 G - a royal jelly


   Skills:
 + Level 4.8 Fighting
 + Level 6.0 Dodging
 - Level 2.0 Stealth
 * Level 11.3 Spellcasting
 + Level 11.4 Conjurations
 + Level 10.0 Fire Magic


You had 15 spell levels left.
You knew the following spells:

 Your Spells              Type           Power        Failure   Level  Hunger
a - Flame Tongue          Conj/Fire      #####        1%          1    None
b - Searing Ray           Conj           #####.       1%          2    None
d - Conjure Flame         Conj/Fire      ######..     1%          3    None
f - Throw Flame           Conj/Fire      ######       1%          2    None
g - Fireball              Conj/Fire      ######....   1%          5    #####..
s - Sticky Flame          Conj/Fire      ######..     1%          4    ##.....


Dungeon Overview and Level Annotations

Branches:
Dungeon (11/15)            Temple (1/1) D:7            Lair (2/6) D:8
  Swamp: Lair:2-4    Shoals: Lair:2-4     Snake: Lair:2-4    Spider: Lair:2-4
    Orc: D:9-12

Altars:
Cheibriados
Dithmenos
Elyvilon
Fedhas
Gozag
Hepliaklqana
Kikubaaqudgha
Makhleb
Okawaru
Qazlal
Ru
Sif Muna
Trog
Uskayaw
Vehumet
Xom
Yredelemnul
Zin
The Shining One

Shops:
D:5 (   D:6 *


Innate Abilities, Weirdness & Mutations

You have a beak for a mouth.
You have claws for feet.
You can fly.
You are partially covered in rugged brown scales. (AC +1, +3% HP)
Your skin changes colour to match your surroundings (Stealth+).
Your magical capacity is low. (-10% MP)
You are resistant to hostile enchantments. (MR+)
You are robust. (+10% HP)


Message History

The wolf burns! x2; The wolf bites you but does no damage. x2
The wolf closely misses you.
The wolf burns! x2
You kill the wolf!
Your Fire Magic skill increases to level 10!
The wolf bites you!
Casting: Sticky Flame
Confirm with . or Enter, or press ? or * to list all spells.
Aiming: Sticky Flame
Press: ? - help, Shift-Dir - straight line, f - komodo dragon, p - wolf
Aim: a komodo dragon (severely wounded)
You feel a surge of power!
The sticky flame hits the komodo dragon.
The komodo dragon is severely wounded.
The komodo dragon is covered in liquid flames!
The komodo dragon burns!
The wolf burns!
The wolf bites you! The komodo dragon bites you!!
* * * LOW HITPOINT WARNING * * *
The wolf bites you.
You die...

... ........ ##...
......##
#............# ##...
.#......#
.##....##.......#
.....!†..#.....#
.........l.....#
.........#.h...#
.###.#.##.l@...#
#..P%.P......#####
...................
....................
....................
.
...................
.
...P##...#.........
.
....P#####.........
#
.........#.......##.


You could see a komodo dragon (burning), a wyvern and a wolf (burning).

Vanquished Creatures
  2 unseen horrors (D:10)
  2 hill giants (D:10)
  A komodo dragon (Lair:1)
  2 trolls
  Grinder (D:5)
  A two-headed ogre (D:10)
  5 blink frogs (Lair:1)
  A spriggan (D:8)
  5 yaks (D:10)
  A wyvern (D:11)
  A hungry ghost (D:9)
  Menkaure (D:4)
  3 water moccasins
  2 porcupines
  4 orc warriors
  2 ice beasts
  A necrophage (D:5)
  An eye of draining (D:8)
  A phantom (D:9)
  2 sky beasts
  7 ogres
  6 wolves (Lair:2)
  2 centaurs
  4 crocodiles
  2 big kobolds
  12 bullfrogs
  A gnoll sergeant (D:8)
  A water moccasin zombie (D:8)
  4 scorpions
  19 wights
  14 killer bees
  5 crimson imps
  A quasit (D:6)
  A centaur zombie (D:5)
  A jelly (D:5)
  3 hounds
  A centaur skeleton (D:10)
  5 orc priests
  6 orc wizards
  6 iguanas
  4 worker ants
  A hound zombie (D:8)
  2 hound skeletons
  A worker ant zombie (D:7)
  A howler monkey skeleton (D:5)
  18 gnolls
  14 adders
  2 shadow imps
  An adder skeleton (D:9)
  4 worms
  3 dart slugs
  6 leopard geckos
  42 orcs
  8 bats
  3 giant cockroaches
  6 goblins
  14 hobgoblins
  13 jackals
  22 kobolds
  4 quokkas
  2 frilled lizards
  A goblin zombie (D:4)
  A hobgoblin zombie (D:4)
  A jackal skeleton (D:6)
  2 kobold zombies (D:4)
  An orc skeleton (D:4)
  2 orc zombies (D:4)
  12 rats
331 creatures vanquished.

Notes
Turn   | Place    | Note
-------+----------+-------------------------------------------
     0 | D:1      | Danakh the Tengu Fire Elementalist began the quest for the Orb.
     0 | D:1      | Reached XP level 1. HP: 10/10 MP: 4/4
   121 | D:1      | Reached XP level 2. HP: 15/15 MP: 4/6
   161 | D:1      | Found a shimmering altar of Xom.
   323 | D:1      | Reached XP level 3. HP: 19/19 MP: 2/7
   423 | D:1      | Learned a level 2 spell: Throw Flame
   427 | D:1      | Learned a level 3 spell: Conjure Flame
   902 | D:2      | Reached XP level 4. HP: 21/24 MP: 0/9
  1195 | D:2      | Gained mutation: You can fly. [Tengu growth]
  1195 | D:2      | Reached XP level 5. HP: 11/28 MP: 0/11
  1866 | D:3      | Reached XP level 6. HP: 32/32 MP: 1/13
  2043 | D:3      | Found a snail-covered altar of Cheibriados.
  2057 | D:3      | Learned a level 5 spell: Fireball
  2687 | D:4      | Noticed Menkaure
  3281 | D:4      | Killed Menkaure
  3281 | D:4      | Reached skill level 5 in Spellcasting
  3281 | D:4      | Reached skill level 5 in Conjurations
  3281 | D:4      | Reached skill level 5 in Fire Magic
  3281 | D:4      | Reached XP level 7. HP: 20/36 MP: 3/15
  3484 | D:4      | Found a glowing golden altar of the Shining One.
  3616 | D:3      | Learned a level 4 spell: Sticky Flame
  3817 | D:4      | Found a stormy altar of Qazlal.
  4056 | D:5      | Entered Level 5 of the Dungeon
  4249 | D:5      | Noticed Grinder
  4421 | D:5      | Found Corust's Antique Weapon Shoppe.
  4746 | D:5      | Reached XP level 8. HP: 41/41 MP: 5/18
  5040 | D:5      | Killed Grinder
  5390 | D:5      | Found a burning altar of Makhleb.
  5542 | D:6      | Noticed a troll
  5551 | D:6      | Killed a troll
  5739 | D:6      | Reached XP level 9. HP: 45/45 MP: 15/21
  6232 | D:6      | Found Uvauhydu's General Store.
  6608 | D:7      | Got a dazzling spear
  6609 | D:7      | Identified the cursed +1 spear of Makhleb's Regard {venom, rElec rF+ rN++ Int-2} (You found it on level 7 of the Dungeon)
  7006 | D:7      | Found a staircase to the Ecumenical Temple.
  7010 | Temple   | Entered the Ecumenical Temple
  7029 | Temple   | Became a worshipper of Vehumet
  8055 | D:8      | Found a staircase to the Lair.
  8082 | D:8      | Reached * piety under Vehumet
  8082 | D:8      | Offered knowledge of Shock by Vehumet.
  8204 | D:8      | Reached XP level 10. HP: 16/50 MP: 9/24
  8268 | D:8      | Gained mutation: You are partially covered in rugged brown scales. (AC +1, +3% HP) [potion of mutation]
  8268 | D:8      | Gained mutation: You are robust. (+10% HP) [potion of mutation]
  8268 | D:8      | Gained mutation: Your magical capacity is low. (-10% MP) [potion of mutation]
  8331 | D:8      | Learned a level 2 spell: Throw Flame
  8735 | D:8      | Identified a scroll of acquirement
  8829 | D:8      | Found a sacrificial altar of Ru.
  9023 | D:9      | Got a shimmering dagger
  9024 | D:9      | Identified the cursed +2 dagger of the Lonely Blessings {pierce, Str+6} (You found it on level 9 of the Dungeon)
  9057 | D:9      | Reached skill level 1 in Fighting
  9150 | D:9      | Reached ** piety under Vehumet
  9150 | D:9      | Offered knowledge of Searing Ray by Vehumet.
  9154 | D:9      | Learned a level 2 spell: Searing Ray
  9971 | D:10     | Entered Level 10 of the Dungeon
 10015 | D:10     | Noticed a hill giant
 10019 | D:10     | Killed a hill giant
 10019 | D:10     | Reached skill level 10 in Spellcasting
 10019 | D:10     | Reached skill level 10 in Conjurations
 10781 | D:10     | Noticed a hill giant
 10789 | D:10     | Killed a hill giant
 10789 | D:10     | Reached XP level 11. HP: 52/67 MP: 10/23
 10890 | D:10     | Offered knowledge of Ignite Poison by Vehumet.
 11015 | D:10     | Killed an unseen horror
 11259 | D:10     | Reached *** piety under Vehumet
 11328 | D:10     | Offered knowledge of Airstrike by Vehumet.
 11408 | D:10     | Gained mutation: Your skin changes colour to match your surroundings (Stealth+). [mutagenic meat]
 11409 | D:10     | Gained mutation: You are resistant to hostile enchantments. (MR+) [mutagenic meat]
 11653 | D:10     | Noticed a tengu warrior
 11782 | D:11     | Noticed a cyan ugly thing
 11839 | D:10     | Killed an unseen horror
 11839 | D:10     | Reached skill level 5 in Dodging
 11982 | D:11     | Noticed a cyclops
 12185 | Lair:1   | Entered Level 1 of the Lair of Beasts
 12918 | Lair:1   | Reached **** piety under Vehumet
 13614 | Lair:2   | Reached skill level 10 in Fire Magic
 13615 | Lair:2   | HP: 2/70 [komodo dragon (27)]
 13615 | Lair:2   | Slain by a wolf

Skill      XL: |  1  2  3  4  5  6  7  8  9 10 11 |
---------------+----------------------------------+-----
Conjurations   | 2 3 4 5 7 9 10 11 | 11.4
Fire Magic     | 4 5 6 8 9 10 | 10.0
Spellcasting   | 3 4 5 6 7 9 10 11 | 11.3
Fighting       | 3 4 |  4.8
Dodging        | 4 6 |  6.0
Stealth        | |  2.0

Action                   |  1- 3 |  4- 6 |  7- 9 | 10-12 || total
-------------------------+-------+-------+-------+-------++-------
Melee: Flail             |     2 |    11 |    98 |       ||   111
       Kick              |       |     4 |    21 |     8 ||    33
       Peck              |       |     3 |    10 |     6 ||    19
       Spear             |       |       |     9 |    57 ||    66
       Dagger            |       |       |       |     1 ||     1
 Cast: Flame Tongue      |    47 |   105 |   248 |   236 ||   636
       Throw Flame       |     6 |    14 |    14 |    41 ||    75
       Fireball          |       |     1 |    18 |    36 ||    55
       Conjure Flame     |       |       |     2 |    13 ||    15
       Sticky Flame      |       |       |     2 |    15 ||    17
       Searing Ray       |       |       |       |     1 ||     1
  Use: Scroll            |       |       |       |    22 ||    22
       Potion            |       |       |       |    11 ||    11
  Eat: Chunk             |    14 |     5 |    17 |    30 ||    66
       Meat ration       |       |       |     1 |       ||     1
Armor: Robe              |     1 |     2 |    27 |    26 ||    56
       Skin              |       |       |       |     2 ||     2
Dodge: Dodged            |     5 |    25 |   110 |   117 ||   257
